3AA
ATLANTIC CITY SONICS @ SALEM MISFITS
07/31/2024
 
TOP OF THE 1ST
Atlantic City Sonics batting - Pitching for Salem Misfits : RHP Frank Veeck
Pitching: RHP Frank Veeck
Batting: RHB Arturo Maldonado 0-0: Called Strike
0-1: Fly out, F8 (Flyball, 8RM)
Batting: LHB José Cordero 0-0: Foul Ball, location: 2F
0-1: Foul Ball, location: 2F
0-2: Strikes out looking
Batting: RHB Pedro Rivera 0-0: Ball
1-0: Foul Ball, location: 2F
1-1: Foul Ball, location: 2F
1-2: Foul Ball, location: 2F
1-2: Ball
2-2: Ball
3-2: DOUBLE (Line Drive, 7D)
Batting: RHB John Schnatter 0-0: Ball
1-0: Ball
2-0: Fly out, F7 (Flyball, 78M)
Top of the 1st over - 0 run(s), 1 hit(s), 0 error(s), 1 left on base; Atlantic City 0 - Salem 0
BOTTOM OF THE 1ST
Salem Misfits batting - Pitching for Atlantic City Sonics : RHP José Lucero
Pitching: RHP José Lucero
Batting: RHB Jesús Cisneros 0-0: Bunted foul
0-1: Ball
1-1: Ball
2-1: Ball
3-1: Base on Balls
Batting: RHB Raúl Reyna 0-0: Ball
Jesús Cisneros steals 2nd base
1-0: Ball
2-0: DOUBLE (Line Drive, 3D)
Jesús Cisneros scores
Batting: SHB Fernando Sánchez 0-0: Swinging Strike
0-1: Ball
1-1: DOUBLE (Flyball, 8RXD)
Raúl Reyna scores
Batting: LHB José Corona 0-0: Ball
1-0: Called Strike
1-1: Foul Ball, location: 2F
1-2: Strikes out swinging
Batting: RHB Jim Unknown 0-0: Ball
1-0: Ball
2-0: Ball
Wild Pitch!
Fernando Sánchez to third
3-0: Base on Balls
Batting: LHB Brent van Schoonhoven 0-0: Called Strike
0-1: SINGLE (Line Drive, 4M)
Fernando Sánchez scores
Jim Unknown to second
Batting: RHB Ernesto Souza 0-0: Ball
1-0: Called Strike
1-1: Ball
2-1: Called Strike
2-2: Ball
3-2: Base on Balls
Jim Unknown to third
Brent van Schoonhoven to second
Batting: RHB Ramón Ávila 0-0: Ball
1-0: Swinging Strike
1-1: Ball
2-1: Foul Ball, location: 2F
2-2: Strikes out swinging
Batting: RHB Miguel Torres 0-0: Called Strike
0-1: Ball
1-1: Ball
2-1: Fly out, F7 (Flyball, 7M)
Bottom of the 1st over - 3 run(s), 3 hit(s), 0 error(s), 3 left on base; Atlantic City 0 - Salem 3
TOP OF THE 2ND
Atlantic City Sonics batting - Pitching for Salem Misfits : RHP Frank Veeck
Batting: RHB Xavier Águila 0-0: Swinging Strike
0-1: Called Strike
0-2: Ground out 1-3 (Groundball, 15S)
Batting: LHB Salvador Avilés 0-0: Foul Ball, location: 2F
0-1: Foul Ball, location: 2F
0-2: Fly out, F7 (Flyball, 7M)
Batting: RHB Brady Bess 0-0: Foul Ball, location: 2F
0-1: Ball
1-1: Swinging Strike
1-2: Ball
2-2: Ball
3-2: Foul Ball, location: 2F
3-2: Base on Balls
Batting: SHB David Snyder 0-0: SINGLE (Groundball, 5D)
Brady Bess to second
Batting: RHB Bob Ethridge 0-0: Fly out, F8 (Flyball, 8RM)
Top of the 2nd over - 0 run(s), 1 hit(s), 0 error(s), 2 left on base; Atlantic City 0 - Salem 3
BOTTOM OF THE 2ND
Salem Misfits batting - Pitching for Atlantic City Sonics : RHP José Lucero
Batting: RHB Jesús Cisneros 0-0: Called Strike
0-1: Called Strike
0-2: Foul Ball, location: 2F
0-2: Strikes out swinging
Batting: RHB Raúl Reyna 0-0: Ball
1-0: SINGLE (Groundball, 56D)
Batting: SHB Fernando Sánchez 0-0: Ball
1-0: Ball
2-0: Ball
3-0: Called Strike
3-1: Base on Balls
Raúl Reyna to second
Batting: LHB José Corona 0-0: Ball
1-0: Ball
2-0: Ball
3-0: Base on Balls
Raúl Reyna to third
Fernando Sánchez to second
Batting: RHB Jim Unknown 0-0: Called Strike
0-1: Foul Ball, location: 2F
0-2: Ground out 5-3 (Groundball, 56S)
Raúl Reyna scores
Fernando Sánchez to third
José Corona to second
Batting: LHB Brent van Schoonhoven 0-0: Foul Ball, location: 2F
0-1: SINGLE (Line Drive, 89S)
Fernando Sánchez scores
José Corona to third
Runner from 3rd tries for Home, SAFE, no throw or cutoff
Batting: RHB Ernesto Souza 0-0: Ball
1-0: Called Strike
1-1: Swinging Strike
1-2: Ground out 1-3 (Groundball, 13)
Bottom of the 2nd over - 3 run(s), 2 hit(s), 0 error(s), 1 left on base; Atlantic City 0 - Salem 6
TOP OF THE 3RD
Atlantic City Sonics batting - Pitching for Salem Misfits : RHP Frank Veeck
Batting: RHB Arturo Maldonado 0-0: Ground out 4-3 (Groundball, 4)
Batting: LHB José Cordero 0-0: Ball
1-0: SOLO HOME RUN (Flyball, 9LD), Distance : 336 ft
Batting: RHB Pedro Rivera 0-0: Ball
1-0: Ball
2-0: Called Strike
2-1: Called Strike
2-2: Ground out 5-3 (Groundball, 5S)
Batting: RHB John Schnatter 0-0: Ground out 6-3 (Groundball, 6M)
Top of the 3rd over - 1 run(s), 1 hit(s), 0 error(s), 0 left on base; Atlantic City 1 - Salem 6
BOTTOM OF THE 3RD
Salem Misfits batting - Pitching for Atlantic City Sonics : RHP José Lucero
Batting: RHB Ramón Ávila 0-0: SINGLE (Line Drive, 89S)
Batting: RHB Miguel Torres 0-0: Ball
1-0: Called Strike
1-1: DOUBLE (Flyball, 89M)
Ramón Ávila to third
Batting: RHB Jesús Cisneros 0-0: Ball
1-0: Called Strike
1-1: Ball
2-1: SINGLE (Groundball, 34)
Ramón Ávila scores
Miguel Torres to third
Pitching: RHP Carlos Sánchez
Batting: RHB Raúl Reyna 0-0: Swinging Strike
0-1: Fly out, F9 (Flyball, 9D)
Runner from 3rd tags up, SCORES, no throw
Batting: SHB Fernando Sánchez 0-0: Foul Ball, location: 2F
0-1: Called Strike
0-2: Ball
1-2: Strikes out swinging
Batting: LHB José Corona 0-0: Fly out, F7 (Flyball, 7S)
Bottom of the 3rd over - 2 run(s), 3 hit(s), 0 error(s), 1 left on base; Atlantic City 1 - Salem 8
TOP OF THE 4TH
Atlantic City Sonics batting - Pitching for Salem Misfits : RHP Frank Veeck
Batting: RHB Xavier Águila 0-0: Ball
1-0: Ball
2-0: Ball
3-0: Called Strike
3-1: Fly out, F8 (Flyball, 8LM)
Batting: LHB Salvador Avilés 0-0: Ball
1-0: Ball
2-0: Ball
3-0: Called Strike
3-1: Foul Ball, location: 2F
3-2: Foul Ball, location: 2F
3-2: Strikes out swinging
Batting: RHB Brady Bess 0-0: Called Strike
0-1: Foul Ball, location: 2F
0-2: Ball
1-2: Ball
2-2: Strikes out swinging
Top of the 4th over - 0 run(s), 0 hit(s), 0 error(s), 0 left on base; Atlantic City 1 - Salem 8
BOTTOM OF THE 4TH
Salem Misfits batting - Pitching for Atlantic City Sonics : RHP Carlos Sánchez
Batting: RHB Jim Unknown 0-0: Called Strike
0-1: Called Strike
0-2: Ground out 6-3 (Groundball, 6)
Batting: LHB Brent van Schoonhoven 0-0: Ground out 6-3 (Groundball, 6M)
Batting: RHB Ernesto Souza 0-0: Ball
1-0: SINGLE (Line Drive, 7LS)
Batting: RHB Ramón Ávila 0-0: Ball
1-0: Ball
2-0: Ball
3-0: Called Strike
3-1: Called Strike
3-2: Base on Balls
Ernesto Souza to second
Batting: RHB Miguel Torres 0-0: Ball
1-0: Fielders Choice at 2nd, U6 (Groundball, 6M)
Bottom of the 4th over - 0 run(s), 1 hit(s), 0 error(s), 2 left on base; Atlantic City 1 - Salem 8
TOP OF THE 5TH
Atlantic City Sonics batting - Pitching for Salem Misfits : RHP Frank Veeck
Batting: SHB David Snyder 0-0: Ball
1-0: Called Strike
1-1: SINGLE (Flyball, 8RS)
Batting: RHB Bob Ethridge 0-0: Called Strike
0-1: SINGLE (Line Drive, 6M)
David Snyder to second
Batting: RHB Arturo Maldonado 0-0: Ball
1-0: Swinging Strike
1-1: SINGLE (Line Drive, 8RS)
David Snyder to third
Bob Ethridge to second
Batting: LHB José Cordero 0-0: Ball
1-0: Ball
2-0: Foul Ball, location: 2F
2-1: Fly out, F7 (Flyball, 7LSF)
Runner from 3rd tags up, SCORES, no throw
Batting: RHB Pedro Rivera 0-0: Ball
1-0: Grounds into double play, U6-3 (Groundball, 6)
Top of the 5th over - 1 run(s), 3 hit(s), 0 error(s), 1 left on base; Atlantic City 2 - Salem 8
BOTTOM OF THE 5TH
Salem Misfits batting - Pitching for Atlantic City Sonics : RHP Carlos Sánchez
Batting: RHB Jesús Cisneros 0-0: Ball
1-0: Foul Ball, location: 2F
1-1: Ball
2-1: SINGLE (Groundball, 6)
Batting: RHB Raúl Reyna 0-0: Called Strike
Jesús Cisneros steals 2nd base
0-1: Called Strike
0-2: Ball
1-2: Foul Ball, location: 2F
1-2: Foul Ball, location: 2F
1-2: Strikes out looking
Batting: SHB Fernando Sánchez 0-0: Ball
1-0: Ground out 4-3 (Groundball, 4)
Jesús Cisneros to third
Batting: LHB José Corona 0-0: Ball
1-0: Called Strike
1-1: Ball
2-1: Foul Ball, location: 2F
2-2: SINGLE (Line Drive, 56D)
Jesús Cisneros scores
Batting: RHB Jim Unknown 0-0: Called Strike
0-1: SINGLE (Groundball, 4D)
José Corona to second
Runner from 2nd tries for 3rd, SAFE, no throw or cutoff
Batting: LHB Brent van Schoonhoven 0-0: Ball
1-0: Called Strike
1-1: Ball
2-1: Ball
3-1: Foul Ball, location: 2F
3-2: SINGLE (Groundball, 25) (infield hit)
José Corona scores
Jim Unknown to second
Batting: RHB Ernesto Souza 0-0: Ball
1-0: Ground out 5-3 (Groundball, 5L)
Bottom of the 5th over - 2 run(s), 4 hit(s), 0 error(s), 2 left on base; Atlantic City 2 - Salem 10
TOP OF THE 6TH
Atlantic City Sonics batting - Pitching for Salem Misfits : RHP Frank Veeck
Batting: RHB John Schnatter 0-0: Called Strike
0-1: Swinging Strike
0-2: Strikes out swinging
Batting: RHB Xavier Águila 0-0: Foul Ball, location: 2F
0-1: Hit by Pitch
Batting: LHB Salvador Avilés 0-0: Called Strike
0-1: Ball
1-1: Ball
2-1: Called Strike
2-2: SINGLE (Line Drive, 8LS)
Xavier Águila to second
Batting: RHB Brady Bess 0-0: Fly out, F8 (Flyball, 8LM)
Batting: SHB David Snyder 0-0: Fly out, F5 (Popup, 5L)
Top of the 6th over - 0 run(s), 1 hit(s), 0 error(s), 2 left on base; Atlantic City 2 - Salem 10
BOTTOM OF THE 6TH
Salem Misfits batting - Pitching for Atlantic City Sonics : RHP Carlos Sánchez
Batting: RHB Ramón Ávila 0-0: Called Strike
0-1: Called Strike
0-2: Strikes out swinging
Batting: RHB Miguel Torres 0-0: SINGLE (Groundball, 25) (infield hit)
Batting: RHB Jesús Cisneros 0-0: Called Strike
0-1: Fielders Choice at 2nd, 6-4 (Groundball, 6M)
Batting: RHB Raúl Reyna 0-0: Fly out, F9 (Popup, 8RS)
Bottom of the 6th over - 0 run(s), 1 hit(s), 0 error(s), 1 left on base; Atlantic City 2 - Salem 10
TOP OF THE 7TH
Atlantic City Sonics batting - Pitching for Salem Misfits : RHP Frank Veeck
Batting: RHB Bob Ethridge 0-0: Ball
1-0: Ball
2-0: Called Strike
2-1: SOLO HOME RUN (Flyball, 89XD), Distance : 417 ft
Pitching: RHP Edgardo Alvarado
Batting: RHB Arturo Maldonado 0-0: Fly out, F7 (Flyball, 7LMF)
Batting: LHB José Cordero 0-0: Ball
1-0: Foul Ball, location: 2F
1-1: Called Strike
1-2: Foul Ball, location: 2F
1-2: Foul Ball, location: 2F
1-2: Strikes out swinging
Batting: RHB Pedro Rivera 0-0: Foul Ball, location: 2F
0-1: Reached on error, E6 (Groundball, 6)
Batting: RHB John Schnatter 0-0: Called Strike
0-1: Swinging Strike
0-2: Ball
1-2: Ball
2-2: SINGLE (Line Drive, 8LS)
Pedro Rivera to second
Runner from 2nd tries for 3rd, SAFE, throw made to third
Batting: RHB Xavier Águila 0-0: Called Strike
0-1: Called Strike
0-2: Ball
1-2: Foul Ball, location: 2F
1-2: Fly out, F5 (Line Drive, 5)
Top of the 7th over - 1 run(s), 2 hit(s), 1 error(s), 2 left on base; Atlantic City 3 - Salem 10
BOTTOM OF THE 7TH
Salem Misfits batting - Pitching for Atlantic City Sonics : RHP Carlos Sánchez
Batting: SHB Fernando Sánchez 0-0: Called Strike
0-1: Swinging Strike
0-2: Ball
1-2: Ball
2-2: Ball
3-2: Base on Balls
Batting: LHB José Corona 0-0: Ball
1-0: Grounds into double play, 4-6-3 (Groundball, 4)
Batting: RHB Jim Unknown 0-0: Foul Ball, location: 2F
0-1: Ground out 4-3 (Groundball, 4)
Bottom of the 7th over - 0 run(s), 0 hit(s), 0 error(s), 0 left on base; Atlantic City 3 - Salem 10
TOP OF THE 8TH
Atlantic City Sonics batting - Pitching for Salem Misfits : RHP Edgardo Alvarado
Batting: LHB Salvador Avilés 0-0: Called Strike
0-1: Ball
1-1: Foul Ball, location: 2F
1-2: Strikes out looking
Batting: RHB Brady Bess 0-0: Called Strike
0-1: Swinging Strike
0-2: Ball
1-2: Foul Ball, location: 2F
1-2: Foul Ball, location: 2F
1-2: Ball
2-2: Fly out, F8 (Flyball, 78M)
Batting: SHB David Snyder 0-0: Ball
1-0: Ball
2-0: Fly out, F7 (Flyball, 7LMF)
Top of the 8th over - 0 run(s), 0 hit(s), 0 error(s), 0 left on base; Atlantic City 3 - Salem 10
BOTTOM OF THE 8TH
Salem Misfits batting - Pitching for Atlantic City Sonics : RHP Carlos Sánchez
Batting: LHB Brent van Schoonhoven 0-0: Called Strike
0-1: Ball
1-1: Ball
2-1: Foul Ball, location: 2F
2-2: Foul Ball, location: 2F
2-2: Ball
3-2: Ground out 4-3 (Groundball, 4)
Batting: RHB Ernesto Souza 0-0: Hit by Pitch
Batting: RHB Ramón Ávila 0-0: Ball
1-0: Called Strike
1-1: Ball
2-1: Ground out U3 (Groundball, 3S)
Ernesto Souza to second
Batting: RHB Miguel Torres 0-0: Ball
1-0: Foul Ball, location: 2F
1-1: Ball
2-1: Called Strike
2-2: Ball
3-2: Base on Balls
Batting: RHB Jesús Cisneros 0-0: Ball
1-0: Called Strike
1-1: Ball
2-1: Foul Ball, location: 2F
2-2: Foul Ball, location: 2F
2-2: Ball
3-2: Base on Balls
Ernesto Souza to third
Miguel Torres to second
Batting: RHB Raúl Reyna 0-0: Swinging Strike
0-1: Ball
1-1: Ball
2-1: Ball
3-1: Ground out 6-3 (Groundball, 56)
Bottom of the 8th over - 0 run(s), 0 hit(s), 0 error(s), 3 left on base; Atlantic City 3 - Salem 10
TOP OF THE 9TH
Atlantic City Sonics batting - Pitching for Salem Misfits : RHP Edgardo Alvarado
Batting: RHB Bob Ethridge 0-0: Ball
1-0: Ball
2-0: Called Strike
2-1: Ball
3-1: Base on Balls
Batting: RHB Arturo Maldonado 0-0: Fly out, F3 (Popup, 34)
Batting: LHB José Cordero 0-0: Ball
1-0: Called Strike
1-1: Ball
2-1: Swinging Strike
2-2: Strikes out looking
Batting: RHB Pedro Rivera 0-0: Ball
1-0: Called Strike
1-1: Foul Ball, location: 2F
1-2: Foul Ball, location: 2F
1-2: Ball
2-2: Ball
3-2: Foul Ball, location: 2F
3-2: Foul Ball, location: 2F
3-2: SINGLE (Groundball, 15S) (infield hit)
Bob Ethridge to second
Batting: RHB John Schnatter 0-0: Ball
1-0: Swinging Strike
1-1: Foul Ball, location: 2F
1-2: Ball
2-2: Strikes out swinging
Top of the 9th over - 0 run(s), 1 hit(s), 0 error(s), 2 left on base; Atlantic City 3 - Salem 10
This league is powered by Out of the Park Baseball, the baseball management simulation game for PC, Mac and Linux
Monday, October 3rd, 2016 - OOTP Baseball 16.9 Build 39